 Dungeon Crawl Stone Soup version 0.31-a0-1447-g87ca8d402b (webtiles) character file.

Game seed: 16853226764601387646

156 Arcadio the Conjurer (level 5, 0/28 HPs)
             Began as a Deep Elf Conjurer on Dec 27, 2023.
             Killed from afar by Ijyb (11 damage)
             ... with a bolt of dispelling energy
             ... on level 3 of the Dungeon.
             The game lasted 00:06:56 (2576 turns).

Arcadio the Conjurer (Deep Elf Conjurer)            Turns: 2576, Time: 00:06:56

Health: 0/28       AC:  6    Str:  4    XL:     5   Next: 14%
Magic:  4/14       EV: 13    Int: 25    God:
Gold:   211        SH:  0    Dex: 13    Spells: 2/13 levels left

rFire   . . .        e - +0 short sword
rCold   . . .        (no shield)
rNeg    . . .        a - +0 robe
rPois   .            i - +2 helmet
rElec   .            (no cloak)
rCorr   .            g - +0 pair of gloves
SInv    .            (no boots)
Will    .....        (no amulet)
Stlth   ++           (no ring)
HPRegen 0.24/turn    (no ring)
MPRegen 0.14/turn

%: no passive effects
@: no status effects
A: no striking features
a: no special abilities


You were on level 3 of the Dungeon.
You visited 1 branch of the dungeon, and saw 3 of its levels.

You collected 211 gold pieces.

Inventory:

Hand Weapons
 e - a +0 short sword (weapon)
Armour
 a - a +0 robe (worn)
 d - a +0 leather armour
 g - a +0 pair of gloves (worn)
 i - a +2 helmet (worn)
Jewellery
 k - a ring of fire
 m - a +6 ring of strength
Wands
 r - a wand of mindburst (19)
Scrolls
 c - a scroll of blinking
 f - a scroll of amnesia
 h - 2 scrolls of immolation
 o - 2 scrolls of poison {unknown}
 p - a scroll of fog {unknown}
 q - a scroll of revelation {unknown}
 s - a scroll of enchant weapon {unknown}
Potions
 b - 2 potions of magic
 j - a potion of heal wounds
 l - a potion of might {unknown}
 n - a potion of curing {unknown}


   Skills:
 + Level 4.3 Dodging
 - Level 2.4 Stealth
 + Level 4.8 Spellcasting
 + Level 5.4 Conjurations


You had 2 spell levels left.
You knew the following spells:

 Your Spells              Type           Power      Damage    Failure   Level
a - Magic Dart            Conj           100%       1d8       1%          1
b - Searing Ray           Conj           66%        2d6       1%          2
c - Fulminant Prism       Conj/Alch      9%         3d7       28%         4
d - Iskenderun's Mystic   Conj/Tloc      19%        2d6       28%         4

Your spell library contained the following spells:

 Spells                   Type           Power      Damage    Failure   Level
 Gell's Gravitas          Tloc           6%         N/A       26%         3
 Teleport Other           Tloc           6%         N/A       26%         3
 Dispersal                Tloc           3%         N/A       100%        6


Dungeon Overview and Level Annotations

Branches:
Dungeon (3/15) Zot: 15419

Altars:

Annotations:
D:3 Ijyb


Message History

Press: ? - help, Shift-Dir - straight line, f - Ijyb
Aim: Ijyb, wielding a +0 dagger, wearing a +2 leather armour of poison resistance and carrying a wand of quicksilver (76% to hit)
The searing ray hits Ijyb.
Ijyb is lightly wounded. (Press . to maintain the ray.)
The searing ray hits Ijyb but does no damage.
Ijyb is lightly wounded.
Ijyb zaps a wand.
The bolt of dispelling energy hits you!
Ouch! That really hurt!
The searing ray hits Ijyb but does no damage.
Ijyb is lightly wounded.
Ijyb zaps a wand.
The bolt of dispelling energy hits you.
The searing ray hits Ijyb.
Ijyb is lightly wounded.
You finish channelling your searing ray.
Ijyb hits you but does no damage.
Casting: Searing Ray (safe; 1% risk of failure)
Confirm with . or Enter, or press ? or * to list all spells.
Aiming: Magic Dart (safe; 1% risk of failure)
Press: ? - help, Shift-Dir - straight line, f/p - Ijyb
Aim: Ijyb, wielding a +0 dagger, wearing a +2 leather armour of poison resistance and carrying a wand of quicksilver (lightly wounded, 100% to hit)
Okay, then.
Casting: Magic Dart (safe; 1% risk of failure)
Confirm with . or Enter, or press ? or * to list all spells.
Aiming: Searing Ray (safe; 1% risk of failure)
Press: ? - help, Shift-Dir - straight line, f/p - Ijyb
Aim: Ijyb, wielding a +0 dagger, wearing a +2 leather armour of poison resistance and carrying a wand of quicksilver (lightly wounded, 76% to hit)
The searing ray hits Ijyb.
Ijyb is moderately wounded. (Press . to maintain the ray.) Ijyb completely misses you.
The searing ray hits Ijyb but does no damage.
Ijyb is moderately wounded.
Ijyb zaps a wand.
The bolt of dispelling energy misses you.
The searing ray misses Ijyb.
Ijyb hits you but does no damage.
The searing ray misses Ijyb.
You finish channelling your searing ray.
Ijyb zaps a wand.
The bolt of dispelling energy hits you!
You die...

.......#...##'##..)#.### ######..
........##'.....'##..## ......
........#.#.....#.#...#####......
........###.....###.......#......
.......#...#...#...#.......####..
............)).............####..
...........†........###..........
....................# #.........#
................@...# #........(#
................g...# #.|.......#
....................# ###.......#
....................###g).......#
.................##..#.).....#
................##†##.......#
...............#..##.......#
...........#)#####....##
...)g.g...).# #....#


You could see Ijyb.

Vanquished Creatures
  A bombardier beetle (D:3)
  Robin (D:3)
  3 adders
  A worm (D:2)
  2 dart slugs (D:1)
  An orc (D:3)
  3 ball pythons
  4 endoplasms
  2 giant cockroaches (D:2)
  13 goblins
  10 hobgoblins
  3 jackals (D:1)
  5 quokkas
  6 bats
  4 frilled lizards
  10 kobolds
  5 rats
74 creatures vanquished.

Notes
Turn   | Place    | Note
-------+----------+-------------------------------------------
     0 | D:1      | Arcadio the Deep Elf Conjurer began the quest for the Orb.
     0 | D:1      | Reached XP level 1. HP: 10/10 MP: 6/6
   214 | D:1      | Reached XP level 2. HP: 13/15 MP: 4/8
   353 | D:1      | Learned a level 2 spell: Searing Ray
   684 | D:1      | Reached XP level 3. HP: 14/19 MP: 7/10
  1265 | D:2      | Reached skill level 5 in Conjurations
  1485 | D:2      | Reached XP level 4. HP: 24/24 MP: 9/12
  2198 | D:3      | Learned a level 4 spell: Fulminant Prism
  2203 | D:3      | Learned a level 4 spell: Iskenderun's Mystic Blast
  2426 | D:3      | Noticed Robin
  2443 | D:3      | Reached XP level 5. HP: 22/28 MP: 5/14
  2484 | D:3      | Killed Robin
  2562 | D:3      | Noticed Ijyb
  2576 | D:3      | Killed from afar by Ijyb

Illustrated notes

Levels and vault maps discovered:
D:1:      shiori_arrival_maze, layout_loops_ring, serial_bayou_pond_b,
          due_unseen_surprise
D:2:      layout_rooms, st_stairs_10
D:3:      layout_basic, minmay_fractal_squares_diagonal_5, uniq_robin, uniq_ijyb

Skill      XL: |  1  2  3  4 |
---------------+-------------+-----
Dodging        | 3 4 |  4.3
Spellcasting   | 4 |  4.8
Conjurations   | 5 |  5.4
Stealth        | |  2.4

Action                     |  1- 3 |  4- 6 || total
---------------------------+-------+-------++-------
  Melee: Short sword       |    25 |    19 ||    44
         Punch             |     1 |     1 ||     2
   Cast: Magic Dart        |    44 |    52 ||    96
         Searing Ray       |     4 |     4 ||     8
    Use: Scroll            |     3 |     1 ||     4
         Potion            |       |     1 ||     1
   Stab: Sleeping          |     2 |       ||     2
 Armour: Robe              |    21 |    34 ||    55
  Dodge: Dodged            |    22 |    38 ||    60

Table legend: (Time is in decaauts)
 A = Elapsed time spent in this place.
 B = Non-inter-level travel time spent in this place.
 C = Inter-level travel time spent in this place.
 D = Time resting spent in this place.
 E = Time spent auto-exploring this place.
 F = Levels seen in this place.
 G = Mean time per level.
                   A        B        C        D        E       F      G
               +--------+--------+--------+--------+--------+-----+--------+
         Total |   2579 |   2492 |     87 |     70 |   2016 |   3 |  859.7 |
       Dungeon |   2579 |   2492 |     87 |     70 |   2016 |   3 |  859.7 |
               +--------+--------+--------+--------+--------+-----+--------+

Top non-repeatable levels by time:
     D:1: 1221 daAuts
     D:3: 755 daAuts
     D:2: 602 daAuts
